 Dungeon Crawl Stone Soup version 0.25.1-2-g60ff931df9 (webtiles) character file.

Game seed: 14863928437178059556

22507 melloss the Covert (level 12, -2/61 HPs)
             Began as a Spriggan Enchanter on Nov 19, 2020.
             Was the Champion of Kikubaaqudgha.
             Shot with an arrow by Nessos (8 damage)
             ... on level 13 of the Dungeon.
             The game lasted 01:30:40 (17533 turns).

melloss the Covert (Spriggan Enchanter)            Turns: 17533, Time: 01:30:40

Health: -2/61      AC: 13    Str:  6    XL:     12   Next: 63%
Magic:  20/22      EV: 27    Int: 19    God:    Kikubaaqudgha [******]
Gold:   406        SH:  5    Dex: 19    Spells: 11/23 levels left

rFire    . . .     SeeInvis +   a - +2 rapier (venom)
rCold    + . .     Gourm    .   Y - +0 buckler
rNeg     . . .     Faith    .   I - +1 robe {MR+}
rPois    .         Spirit   .   O - +5 hat of the Mackerel {rC+ Str+2}
rElec    .         Reflect  .   S - +0 cloak
rCorr    .         Harm     .   (gloves unavailable)
MR       +++..                  (boots unavailable)
Stlth    ++++++....             k - amulet of regeneration
HPRegen  0.60/turn              v - ring of wizardry
MPRegen  0.18/turn              H - +4 ring of protection

@: lethally poisoned (-2 -> -5), very quick
A: very small, unfitting armour, see invisible, herbivore, speed 3, slow
metabolism 2
a: Receive Corpses, Torment, Brand Weapon With Pain, Receive Necronomicon,
Renounce Religion


You were on level 13 of the Dungeon.
You worshipped Kikubaaqudgha.
Kikubaaqudgha was exalted by your worship.
You were not hungry.

You visited 4 branches of the dungeon, and saw 16 of its levels.
You also visited: Ossuary.

You collected 766 gold pieces.
You spent 360 gold pieces at shops.

Inventory:

Hand Weapons
 a - a +2 rapier of venom (weapon)
 b - a +1 scimitar of flaming
 i - a +1 dagger
 z - a +2 vorpal flail
 A - a +3 short sword
 M - a +2 spear of venom
 W - a +0 falchion of holy wrath
Missiles
 u - 33 poisoned darts (quivered)
Armour
 I - a +1 robe of magic resistance (worn)
 O - the +5 hat of the Mackerel (worn) {rC+ Str+2}
   (You found it on level 8 of the Dungeon)

   It affects your strength (+2).
   It protects you from cold.
 S - a +0 cloak (worn)
 U - a +0 robe
 Y - a +0 buckler (worn)
Magical Staves
 V - an uncursed staff of air
Jewellery
 g - an uncursed ring of magical power
 k - an amulet of regeneration (around neck)
 v - a ring of wizardry (left hand)
 y - an uncursed ring of protection from fire
 H - a +4 ring of protection (right hand)
 J - an uncursed amulet of reflection
 K - an uncursed amulet of reflection
 P - an uncursed ring of protection from cold
Wands
 C - a wand of paralysis (12)
 N - a wand of random effects (28)
 Q - a wand of flame (24)
 X - a wand of acid (10)
Scrolls
 c - 7 scrolls of identify
 e - 14 scrolls of teleportation
 f - 5 scrolls of remove curse
 o - 6 scrolls of enchant weapon
 q - a scroll of fog
 s - a scroll of amnesia
 t - 2 scrolls of magic mapping
 Z - a scroll of noise {unknown}
Potions
 h - 2 potions of degeneration {unknown}
 j - 4 potions of curing
 l - 5 potions of magic
 m - a potion of might {unknown}
 n - 2 potions of heal wounds {unknown}
 r - 2 potions of cancellation {unknown}
 x - 6 potions of lignification
 B - 3 potions of brilliance {unknown}
 D - a potion of stabbing {unknown}
 E - a potion of berserk rage {unknown}
 F - 3 potions of mutation {unknown}
 G - 4 potions of resistance
 L - 2 potions of flight {unknown}
 T - a potion of haste {unknown}
Comestibles
 d - 10 rations


   Skills:
 - Level 6.0 Fighting
 - Level 10.0 Short Blades
 * Level 11.2 Dodging
 + Level 13.3 Stealth
 - Level 6.0 Spellcasting
 - Level 10.0 Hexes
 - Level 9.1 Necromancy
 - Level 3.7 Ice Magic


You had 11 spell levels left.
You knew the following spells:

 Your Spells              Type           Power        Failure   Level  Hunger
a - Corona                Hex            #####..      1%          1    None
b - Ensorcelled Hibernat  Hex/Ice        ####..       1%          2    None
c - Pain                  Necr           ####         1%          1    None
d - Confusing Touch       Hex            #####...     1%          3    ##.....
e - Dispel Undead         Necr           #####...     1%          4    ####...
f - Magic Dart            Conj           #...         8%          1    None

Your spell library contained the following spells:

 Spells                   Type           Power        Failure   Level  Hunger
 Animate Skeleton         Necr           N/A          1%          1    None
 Corpse Rot               Necr/Air       N/A          1%          2    None
 Sublimation of Blood     Necr           #####.....   1%          2    None
 Tukima's Dance           Hex            #####...     1%          3    ##.....
 Vampiric Draining        Necr           #####.....   1%          3    ##.....
 Animate Dead             Necr           N/A          1%          4    ####...
 Dazzling Flash           Conj/Hex       ###...       2%          3    ##.....
 Agony                    Necr           #####...     4%          5    #####..
 Shock                    Conj/Air       #...         8%          1    None
 Sting                    Tmut/Pois      #...         8%          1    None
 Fulminant Prism          Conj/Hex       ###.......   10%         4    ####...
 Searing Ray              Conj           #.....       12%         2    None
 Stone Arrow              Conj/Erth      #.....       22%         3    ##.....
 Death Channel            Necr           #####.....   26%         6    #######
 Borgnjor's Vile Clutch   Necr/Erth      ###.......   32%         5    #####..
 Excruciating Wounds      Chrm/Necr      ###.......   32%         5    #####..
 Iskenderun's Mystic Bla  Conj/Tloc      #.......     56%         4    ####...
 Bolt of Magma            Conj/Fire/Erth #.........   87%         5    #####..


Dungeon Overview and Level Annotations

Branches:
Dungeon (13/15)            Temple (1/1) D:5            Lair (1/6) D:11
    Orc (1/2) D:12        Ossuary (visited)
 Vaults: D:13-14

Altars:
Ashenzari
Cheibriados
Dithmenos
Elyvilon
Fedhas
Gozag
Hepliaklqana
Kikubaaqudgha
Makhleb
Nemelex Xobeh
Okawaru
Qazlal
Ru
Sif Muna
Trog
Uskayaw
Vehumet
Wu Jian
Xom
Yredelemnul
Zin
The Shining One

Shops:
D:5 :   D:9 (   D:11 [

Annotations:
D:13 Nessos


Innate Abilities, Weirdness & Mutations

You are very small and have problems with some larger weapons.
You are too small for most types of armour.
You have supernaturally acute eyesight. (SInv)
You are a herbivore.
You cover ground extremely quickly.
You need to consume almost no food.


Message History

You feel sick.
You feel sick.
You feel sick.
You feel sick.
You feel sick.
Nessos blinks!
Nessos shoots an arrow.
The arrow barely misses you.
You see here an arrow.
You feel sick.
You feel sick.
You feel sick.
Nessos pounds the earth with their hooves.
Nessos shoots an arrow.
The arrow hits you!
* * * LOW HITPOINT WARNING * * *
The arrow burns you!
You are more poisoned.
* * * LOW HITPOINT WARNING * * *
You see here an arrow.
You feel sick.
Nessos shoots an arrow.
The arrow hits you!
You die...
Kikubaaqudgha rasps: "You have failed me!
Welcome... death!"

..###..###........ #..# #.c##..##
#.. #.F# #..# # #..# #..# #F.#
#..# #..# #..# ... .....#..# #..#
#..# ..# #..... ....#..###.c#
#..##..# #.....# #...#.....ยง.#
#(.....# #.....# #...#.......#
#@.....# #..##.# #...#.......#
#...#..# #..##.## #...#.......#
#...#..# #..##...
#...#c......###...#..# #..##...
##..$..............#..####..##..#
.....##............#............#
.....##.....#####..#............#
..(..##.....# #..#..###.......#
.....##.....# #..#..# #...#...#


You could see Nessos (fast) and a bullfrog.

Vanquished Creatures
  2 hydras (D:12)
  2 centaur warriors
  3 two-headed ogres
  Erica (D:9)
  An unseen horror (D:12)
  An elephant (D:11)
  4 ugly things
  2 cyclopes
  Joseph (D:7)
  An efreet (D:12)
  A merfolk (D:9)
  3 meliai (D:13)
  A troll (D:10)
  A hornet (D:10)
  Prince Ribbit (D:7)
  2 hippogriffs
  2 shadows
  16 yaks
  2 water elementals (D:12)
  2 basilisks (D:11)
  3 wargs
  Edmund (D:6)
  2 water moccasins
  2 sky beasts
  An ice beast (D:7)
  5 orc warriors
  3 phantoms
  9 ogres
  2 black bears
  2 necrophages
  3 centaurs
  2 crocodiles (D:12)
  A big kobold (D:8)
  A wyvern zombie (D:12)
  10 bullfrogs
  2 wyvern skeletons (D:12)
  18 scorpions
  11 wights
  12 killer bees
  4 howler monkeys
  2 centaur zombies (Ossuary)
  7 crimson imps
  A bullfrog zombie (D:6)
  A quasit (D:7)
  10 hounds
  3 jellies
  A gnoll shaman (D:4)
  5 orc priests
  3 bullfrog skeletons
  2 centaur skeletons
  3 iguanas
  13 orc wizards
  9 worker ants
  A big kobold zombie (Ossuary)
  A hound zombie (D:6)
  A hound skeleton (D:7)
  3 mummies (Ossuary)
  4 worker ant zombies
  Robin (D:2)
  A howler monkey zombie (D:10)
  7 gnolls
  2 scorpion zombies (Ossuary)
  17 adders
  5 shadow imps
  2 adder zombies
  An ooze (D:2)
  2 adder skeletons
  7 worms
  5 dart slugs
  4 leopard geckos
  43 orcs
  9 bats
  4 giant cockroaches
  14 goblins
  9 hobgoblins
  2 jackals (D:7)
  13 kobolds
  3 quokkas
  3 frilled lizards
  A gnoll zombie (Ossuary)
  6 hobgoblin zombies (Ossuary)
  4 kobold zombies (Ossuary)
  3 orc zombies (Ossuary)
  2 quokka skeletons
  11 rats
394 creatures vanquished.

Vanquished Creatures (others)
  2 fungi
  38 plants (D:12)
40 creatures vanquished.

Grand Total: 434 creatures vanquished

Notes
Turn   | Place    | Note
-------+----------+-------------------------------------------
     0 | D:1      | melloss the Spriggan Enchanter began the quest for the Orb.
     0 | D:1      | Reached XP level 1. HP: 9/9 MP: 5/5
   233 | D:1      | Reached skill level 5 in Stealth
   233 | D:1      | Reached XP level 2. HP: 13/13 MP: 6/6
  1228 | D:2      | Noticed Robin
  1264 | D:2      | Reached XP level 3. HP: 8/16 MP: 8/8
  1782 | D:2      | Learned a level 2 spell: Ensorcelled Hibernation
  2192 | D:2      | Killed Robin
  2195 | D:2      | Reached skill level 6 in Stealth
  2528 | D:2      | Reached XP level 4. HP: 15/21 MP: 0/9
  3106 | D:3      | Found an ancient bone altar of Kikubaaqudgha.
  3148 | D:3      | Became a worshipper of Kikubaaqudgha
  3448 | D:3      | Found a glowing silver altar of Zin.
  3449 | D:3      | Found a shattered altar of Ashenzari.
  3534 | D:3      | Found a shimmering altar of Xom.
  3534 | D:3      | Found a hide-covered altar of Uskayaw.
  3539 | D:3      | Found a bloodstained altar of Trog.
  3546 | D:3      | Found an ornate altar of the Wu Jian Council.
  3548 | D:3      | Reached skill level 7 in Stealth
  3549 | D:3      | Found a stormy altar of Qazlal.
  3573 | D:3      | Reached XP level 5. HP: 19/24 MP: 10/10
  3655 | D:4      | Reached * piety under Kikubaaqudgha
  3655 | D:4      | Identified Kikubaaqudgha's Almanac of Evil (Kikubaaqudgha
                  | gifted it to you on level 4 of the Dungeon)
  3655 | D:4      | Received a gift from Kikubaaqudgha
  3655 | D:4      | Reached skill level 8 in Stealth
  3655 | D:4      | Reached XP level 6. HP: 25/28 MP: 1/11
  3742 | D:4      | Reached skill level 5 in Short Blades
  4235 | D:4      | Reached skill level 5 in Hexes
  4322 | D:4      | Reached XP level 7. HP: 30/32 MP: 4/14
  4590 | D:4      | Found a radiant altar of Vehumet.
  4886 | D:5      | Entered Level 5 of the Dungeon
  5021 | D:5      | Found Emmigh's Book Emporium.
  5125 | D:5      | Found a staircase to the Ecumenical Temple.
  5132 | Temple   | Entered the Ecumenical Temple
  5589 | D:5      | Reached skill level 1 in Fighting
  6212 | D:6      | Noticed Edmund
  6218 | D:6      | Killed Edmund
  6218 | D:6      | Reached skill level 1 in Ice Magic
  6225 | D:6      | Reached ** piety under Kikubaaqudgha
  6306 | D:6      | Reached XP level 8. HP: 38/38 MP: 15/15
  6378 | D:6      | Reached skill level 5 in Dodging
  6944 | D:6      | Found a sand-covered staircase.
  6966 | Ossuary  | Entered an ossuary
  7311 | Ossuary  | Reached XP level 9. HP: 42/44 MP: 13/16
  7335 | Ossuary  | Reached *** piety under Kikubaaqudgha
  7335 | Ossuary  | Identified Kikubaaqudgha's Handbook of Darkness
                  | (Kikubaaqudgha gifted it to you in an ossuary)
  7335 | Ossuary  | Received a gift from Kikubaaqudgha
  7342 | Ossuary  | Learned a level 1 spell: Pain
  7387 | Ossuary  | Reached skill level 1 in Necromancy
  7792 | D:7      | Learned a level 3 spell: Confusing Touch
  8007 | D:7      | Learned a level 4 spell: Dispel Undead
  8142 | D:7      | Noticed Prince Ribbit
  8187 | D:7      | Reached skill level 5 in Necromancy
  8193 | D:7      | Killed Prince Ribbit
  8394 | D:7      | Noticed Joseph
  9003 | D:7      | Killed Joseph
  9004 | D:7      | Reached **** piety under Kikubaaqudgha
  9033 | D:7      | Reached XP level 10. HP: 47/49 MP: 14/17
  9091 | D:8      | Got a fine hat
  9097 | D:8      | Identified the +5 hat of the Mackerel {rC+ Str+2} (You
                  | found it on level 8 of the Dungeon)
 10429 | D:9      | Found a radiant altar of Vehumet.
 10454 | D:9      | Found a snail-covered altar of Cheibriados.
 11140 | D:9      | Found Okkyuc's Weapon Shoppe.
 11282 | D:5      | Bought a book of Conjurations for 360 gold pieces
 11284 | D:5      | Learned a level 1 spell: Magic Dart
 11511 | D:9      | Reached skill level 9 in Stealth
 11721 | D:9      | Noticed Erica
 11865 | D:9      | Killed Erica
 11865 | D:9      | Reached skill level 10 in Stealth
 12094 | D:10     | Entered Level 10 of the Dungeon
 12100 | D:10     | You fall into a shaft and drop 2 floors!
 12172 | D:12     | Noticed a two-headed ogre
 12199 | D:12     | Noticed a brown ugly thing
 12203 | D:12     | Found a shimmering altar of Xom.
 12236 | D:12     | Found a staircase to the Orcish Mines.
 12294 | D:11     | Noticed a centaur warrior
 12467 | D:11     | Reached ***** piety under Kikubaaqudgha
 12662 | D:11     | Reached XP level 11. HP: 52/52 MP: 3/18
 12903 | D:11     | Reached skill level 11 in Stealth
 13259 | D:10     | Noticed a two-headed ogre
 13262 | D:10     | Killed a two-headed ogre
 13262 | D:10     | Reached skill level 12 in Stealth
 13625 | D:10     | Reached skill level 5 in Spellcasting
 14227 | D:11     | Found Lihep's Antique Armour Shop.
 14228 | D:11     | Found a staircase to the Lair.
 14248 | D:11     | Noticed a brown ugly thing
 14249 | D:11     | Noticed a cyan ugly thing
 14260 | D:11     | Killed a brown ugly thing
 14265 | D:11     | Killed a cyan ugly thing
 14269 | D:11     | Killed a centaur warrior
 14269 | D:11     | Reached skill level 5 in Fighting
 14782 | Lair:1   | Entered Level 1 of the Lair of Beasts
 15128 | Lair:1   | Noticed a seven-headed hydra
 15413 | D:12     | Noticed an unseen horror
 15415 | D:12     | Killed an unseen horror
 15446 | D:12     | Killed a two-headed ogre
 15466 | D:12     | Reached XP level 12. HP: 61/61 MP: 17/22
 15526 | D:12     | Noticed a five-headed hydra
 15625 | D:12     | Killed a one-headed hydra
 16009 | D:12     | Reached skill level 10 in Hexes
 16081 | D:12     | Noticed a two-headed ogre
 16096 | D:12     | Killed a two-headed ogre
 16096 | D:12     | Reached skill level 10 in Short Blades
 16465 | D:12     | Noticed an eight-headed hydra
 16588 | D:12     | Killed a one-headed hydra
 16999 | D:12     | Reached skill level 10 in Dodging
 17053 | Orc:1    | Entered Level 1 of the Orcish Mines
 17053 | Orc:1    | Noticed an orc high priest
 17227 | D:13     | Reached ****** piety under Kikubaaqudgha
 17373 | D:13     | Identified a scroll of acquirement
 17374 | D:13     | Acquired Sif Muna's Disquisition on Hurtful Venom
 17380 | D:13     | Noticed a centaur warrior
 17388 | D:13     | Killed a centaur warrior
 17388 | D:13     | Reached skill level 13 in Stealth
 17486 | D:13     | Noticed Nessos
 17533 | D:13     | Shot with an arrow by Nessos

Illustrated notes

Levels and vault maps discovered:
D:1:      dpeg_arrival_stone_temple_mockup, layout_basic, glass_columns_c,
          grunt_decor_mini_mirrors, corexii_corridor_pit, skrybe_limestone_x,
          lemuel_old_faithful
D:2:      layout_basic, grunt_ministairs_8, uniq_robin
D:3:      layout_basic, gammafunk_temple_overflow_pools,
          chequers_temple_overflow_minitemple, overflow_temple_1_default
D:4:      layout_basic, kennysheep_little_box, first_ration
D:5:      layout_gridville, minmay_temple_entry_glassed_door, serial_shops,
          nicolae_shop_crystal, minmay_misc_feat_room
D:6:      layout_loops_ring, nicolae_ossuary_entry_false_entrances,
          minmay_between, uniq_edmund
D:7:      layout_basic, uniq_prince_ribbit1, uniq_joseph
D:8:      layout_basic
D:9:      layout_grid_maze, old_standard_altar, basic_altar, serial_shops, shop,
          hangedman_fish_farm, uniq_erica
D:10:     layout_roguey
D:11:     layout_basic, david_lair_generic, serial_shops, shop
D:12:     layout_roguey, minmay_orc_entry_guard_dogs, basic_altar,
          serial_bayou_lagoon_a, kennysheep_generic_room_14
D:13:     layout_long_grid, minivault_1, uniq_nessos
Temple:   nicolae_temple_hex_pool
Lair:1:   layout_loops_ring
Orc:1:    nicolae_orc_accident_2, layout_caves,
          chequers_guarded_unrand_ignorance

Skill      XL: |  1  2  3  4  5  6  7  8  9 10 11 12 |
---------------+-------------------------------------+-----
Stealth        | 5 6 7 8 10 12 13 | 13.3
Short Blades   | 2 3 4 5 7 9 10 | 10.0
Spellcasting   | 4 6 |  6.0
Hexes          | 5 6 8 9 10 | 10.0
Fighting       | 1 3 6 |  6.0
Dodging        | 4 7 8 11 | 11.2
Ice Magic      | 1 3 |  3.7
Necromancy     | 7 9 |  9.1

Action                   |  1- 3 |  4- 6 |  7- 9 | 10-12 || total
-------------------------+-------+-------+-------+-------++-------
Melee: Dagger            |    44 |       |       |       ||    44
       Rapier            |    64 |    94 |   358 |   550 ||  1066
       Scimitar          |       |       |       |    98 ||    98
       Falchion          |       |       |       |    13 ||    13
 Cast: Ensorcelled Hiber |    12 |    38 |    71 |   173 ||   294
       Dispel Undead     |       |       |     7 |     9 ||    16
       Confusing Touch   |       |       |     1 |     1 ||     2
       Pain              |       |       |       |     1 ||     1
Evoke: Wand              |       |       |       |     2 ||     2
  Use: Potion            |     1 |       |       |     2 ||     3
       Scroll            |       |       |    13 |     9 ||    22
 Stab: Sleeping          |    17 |    32 |    57 |   103 ||   209
       Confused          |       |       |     2 |       ||     2
       Distracted        |       |       |     1 |     3 ||     4
  Eat: Ration            |       |     2 |     4 |     7 ||    13
Armor: Robe              |    13 |     7 |    16 |   111 ||   147
Dodge: Dodged            |    90 |    77 |   332 |   619 ||  1118
Block: Buckler           |       |       |       |    75 ||    75
       Rpst.: Scimitar   |       |       |       |    34 ||    34
       Falchion          |       |       |       |     3 ||     3
